3A
MYRTLE BEACH SEAHAWKS @ KENNESAW JETS
07/14/2030
 
TOP OF THE 1ST
Myrtle Beach Seahawks batting - Pitching for Kennesaw Jets : RHP Rikkarti Gudmundur
Pitching: RHP Rikkarti Gudmundur
Batting: RHB Ruggiero Veneziano 0-0: Ball
1-0: Ball
2-0: Ball
3-0: Base on Balls
Batting: LHB Anastasio Flores 0-0: Ball
1-0: Fly out, F7 (Flyball, 7LM)
Batting: RHB Chris Walters 0-0: Fly out, F6 (Popup, P)
Batting: LHB Shohei Otani 0-0: Ball
1-0: Ball
Throwing error on steal attempt, E2
Ruggiero Veneziano to third
2-0: Fly out, F9 (Flyball, 89M)
Top of the 1st over - 0 runs, 0 hits, 1 error, 1 left on base; Myrtle Beach 0 - Kennesaw 0
BOTTOM OF THE 1ST
Kennesaw Jets batting - Pitching for Myrtle Beach Seahawks : RHP Octávio Valdéz
Pitching: RHP Octávio Valdéz
Batting: RHB Andy Holder 0-0: Ball
1-0: Swinging Strike
1-1: Foul Ball, location: 2F
1-2: Strikes out looking
Batting: LHB Sandor Addicks 0-0: Ball
1-0: Hit by Pitch
Batting: LHB Thierry Honoré 0-0: Called Strike
0-1: Fly out, F7 (Flyball, 7LSF)
Batting: LHB Rob Rodríguez 0-0: Fly out, F8 (Flyball, 8RD)
Bottom of the 1st over - 0 runs, 0 hits, 0 errors, 1 left on base; Myrtle Beach 0 - Kennesaw 0
TOP OF THE 2ND
Myrtle Beach Seahawks batting - Pitching for Kennesaw Jets : RHP Rikkarti Gudmundur
Batting: RHB Juan Mata 0-0: Called Strike
0-1: Ball
1-1: Ball
2-1: Fly out, F4 (Popup, 4M)
Batting: SHB Dong-joo Yu 0-0: Ball
1-0: Foul Ball, location: 2F
1-1: Swinging Strike
1-2: Strikes out looking
Batting: RHB Lucas Gallant 0-0: Swinging Strike
0-1: SINGLE (Groundball, 4MD)
Batting: RHB Pedro Larate 0-0: Called Strike
0-1: Ball
1-1: Ball
2-1: Fly out, F5 (Popup, 56S)
Top of the 2nd over - 0 runs, 1 hit, 0 errors, 1 left on base; Myrtle Beach 0 - Kennesaw 0
BOTTOM OF THE 2ND
Kennesaw Jets batting - Pitching for Myrtle Beach Seahawks : RHP Octávio Valdéz
Batting: RHB John Shultz 0-0: SINGLE (Flyball, 9S)
Batting: RHB Miguel Angel Montańo 0-0: Called Strike
0-1: Ball
1-1: Ball
2-1: Foul Ball, location: 2F
2-2: Foul Ball, location: 2F
2-2: Ball
3-2: Fly out, F7 (Flyball, 78M)
Batting: SHB Alfred Owen 0-0: Called Strike
John Shultz steals 2nd base
0-1: Ball
1-1: Ball
2-1: Fly out, F7 (Flyball, 78D)
Batting: RHB Jason Hopdown 0-0: Ball
1-0: Ball
2-0: Called Strike
2-1: Swinging Strike
2-2: Strikes out swinging
Bottom of the 2nd over - 0 runs, 1 hit, 0 errors, 1 left on base; Myrtle Beach 0 - Kennesaw 0
TOP OF THE 3RD
Myrtle Beach Seahawks batting - Pitching for Kennesaw Jets : RHP Rikkarti Gudmundur
Batting: SHB Faradur Umrani 0-0: Ground out 5-3 (Groundball, 15)
Batting: RHB Ruggiero Veneziano 0-0: Fly out, F9 (Flyball, 9LD)
Batting: LHB Anastasio Flores 0-0: Ball
1-0: Ball
2-0: Ball
3-0: Called Strike
3-1: Called Strike
3-2: Strikes out swinging
Top of the 3rd over - 0 runs, 0 hits, 0 errors, 0 left on base; Myrtle Beach 0 - Kennesaw 0
BOTTOM OF THE 3RD
Kennesaw Jets batting - Pitching for Myrtle Beach Seahawks : RHP Octávio Valdéz
Batting: RHB Natsu Tamura 0-0: Fly out, F7 (Flyball, 78D)
Batting: RHB Andy Holder 0-0: Called Strike
0-1: Foul Ball, location: 2F
0-2: Ball
1-2: Foul Ball, location: 2F
1-2: Fly out, F9 (Flyball, 9LM)
Batting: LHB Sandor Addicks 0-0: Ball
1-0: Called Strike
1-1: Ball
2-1: Ball
3-1: Foul Ball, location: 2F
3-2: SINGLE (Groundball, 4MD)
Batting: LHB Thierry Honoré 0-0: Called Strike
0-1: Swinging Strike
0-2: Strikes out swinging
Bottom of the 3rd over - 0 runs, 1 hit, 0 errors, 1 left on base; Myrtle Beach 0 - Kennesaw 0
TOP OF THE 4TH
Myrtle Beach Seahawks batting - Pitching for Kennesaw Jets : RHP Rikkarti Gudmundur
Batting: RHB Chris Walters 0-0: Called Strike
0-1: Ground out 4-3 (Groundball, 4)
Batting: LHB Shohei Otani 0-0: Fly out, F7 (Flyball, 78S)
Batting: RHB Juan Mata 0-0: Ball
1-0: Fly out, F9 (Flyball, 9S)
Top of the 4th over - 0 runs, 0 hits, 0 errors, 0 left on base; Myrtle Beach 0 - Kennesaw 0
BOTTOM OF THE 4TH
Kennesaw Jets batting - Pitching for Myrtle Beach Seahawks : RHP Octávio Valdéz
Batting: LHB Rob Rodríguez 0-0: Ball
1-0: Foul Ball, location: 2F
1-1: Called Strike
1-2: Ball
2-2: Foul Ball, location: 2F
2-2: Foul Ball, location: 2F
2-2: Ball
3-2: Foul Ball, location: 2F
3-2: Foul Ball, location: 2F
3-2: SOLO HOME RUN (Flyball, 89XD), Distance : 388 ft
Batting: RHB John Shultz 0-0: Ball
1-0: Ball
2-0: Called Strike
2-1: Ball
3-1: Swinging Strike
3-2: Strikes out swinging, 2-3 out at first.
Batting: RHB Miguel Angel Montańo 0-0: Swinging Strike
0-1: Foul Ball, location: 2F
0-2: Ball
1-2: Ball
2-2: Ground out 6-3 (Groundball, 6)
Batting: SHB Alfred Owen 0-0: Called Strike
0-1: Ball
1-1: Ball
2-1: Swinging Strike
2-2: Strikes out swinging
Bottom of the 4th over - 1 run, 1 hit, 0 errors, 0 left on base; Myrtle Beach 0 - Kennesaw 1
TOP OF THE 5TH
Myrtle Beach Seahawks batting - Pitching for Kennesaw Jets : RHP Rikkarti Gudmundur
Batting: SHB Dong-joo Yu 0-0: Ground out 4-3 (Groundball, 34)
Batting: RHB Lucas Gallant 0-0: Fly out, F9 (Line Drive, 9LM)
Batting: RHB Pedro Larate 0-0: Foul Ball, location: 2F
0-1: Ball
1-1: Foul Ball, location: 2F
1-2: SINGLE (Line Drive, 56D)
Batting: SHB Faradur Umrani 0-0: Ball
1-0: SINGLE (Flyball, 9LS)
Pedro Larate to second
Runner from 2nd tries for 3rd, SAFE, no throw
Batting: RHB Ruggiero Veneziano 0-0: Fielders Choice at 2nd, 6-4 (Groundball, 6)
Top of the 5th over - 0 runs, 2 hits, 0 errors, 2 left on base; Myrtle Beach 0 - Kennesaw 1
BOTTOM OF THE 5TH
Kennesaw Jets batting - Pitching for Myrtle Beach Seahawks : RHP Octávio Valdéz
Batting: RHB Jason Hopdown 0-0: Ball
1-0: Ball
2-0: Ball
3-0: Called Strike
3-1: Foul Ball, location: 2F
3-2: Foul Ball, location: 2F
3-2: Foul Ball, location: 2F
3-2: Foul Ball, location: 2F
3-2: Base on Balls
Batting: RHB Natsu Tamura 0-0: Bunted foul
0-1: Ball
1-1: Ball
Jason Hopdown steals 2nd base
2-1: Sac Bunt - play at first, batter OUT! 2-4
Jason Hopdown to third
Batting: RHB Andy Holder 0-0: Ball
1-0: Ball
2-0: Called Strike
2-1: Fly out, F3 (Popup, 3F)
Batting: LHB Sandor Addicks 0-0: Ball
1-0: Foul Ball, location: 2F
1-1: Ball
2-1: SINGLE (Line Drive, 78S)
Jason Hopdown scores
Pitching: LHP Garrett Schaper
Batting: LHB Thierry Honoré 0-0: Ball
1-0: Ball
2-0: Swinging Strike
2-1: Ball
3-1: Swinging Strike
3-2: Strikes out swinging
Bottom of the 5th over - 1 run, 1 hit, 0 errors, 1 left on base; Myrtle Beach 0 - Kennesaw 2
TOP OF THE 6TH
Myrtle Beach Seahawks batting - Pitching for Kennesaw Jets : RHP Rikkarti Gudmundur
Batting: LHB Anastasio Flores 0-0: Foul Ball, location: 2F
0-1: Ball
1-1: DOUBLE (Line Drive, 78S)
Batting: RHB Chris Walters 0-0: Called Strike
0-1: Ball
1-1: SINGLE (Line Drive, 56D)
Anastasio Flores to third
Batting: LHB Shohei Otani 0-0: Called Strike
0-1: Swinging Strike
0-2: Foul Ball, location: 2F
0-2: Strikes out swinging
Batting: RHB Juan Mata 0-0: Ball
1-0: Ball
2-0: Ball
3-0: Base on Balls
Chris Walters to second
Batting: SHB Dong-joo Yu 0-0: Hit by Pitch
Anastasio Flores scores
Chris Walters to third
Juan Mata to second
Batting: RHB Lucas Gallant 0-0: Ball
1-0: Called Strike
1-1: Foul Ball, location: 2F
1-2: Foul Ball, location: 2F
1-2: Strikes out looking
Batting: RHB Pedro Larate 0-0: Called Strike
0-1: Ball
1-1: Ball
2-1: Foul Ball, location: 2F
2-2: Ball
3-2: SINGLE (Groundball, 15S) (infield hit)
Chris Walters scores
Juan Mata to third
Dong-joo Yu to second
Batting: SHB Faradur Umrani 0-0: Fly out, F9 (Flyball, 89S)
Top of the 6th over - 2 runs, 3 hits, 0 errors, 3 left on base; Myrtle Beach 2 - Kennesaw 2
BOTTOM OF THE 6TH
Kennesaw Jets batting - Pitching for Myrtle Beach Seahawks : LHP Garrett Schaper
Batting: LHB Rob Rodríguez 0-0: Foul Ball, location: 2F
0-1: Ball
1-1: Swinging Strike
1-2: Ball
2-2: Foul Ball, location: 2F
2-2: Ball
3-2: Foul Ball, location: 2F
3-2: Foul Ball, location: 2F
3-2: Base on Balls
Batting: RHB John Shultz 0-0: SINGLE (Line Drive, 8LS)
Rob Rodríguez to second
Batting: RHB Miguel Angel Montańo 0-0: Bunted foul
0-1: Ball
1-1: Sac Bunt - play at first, batter OUT! 2-4
Rob Rodríguez to third
John Shultz to second
Batting: SHB Alfred Owen 0-0: Intentional Walk
Batting: RHB Jason Hopdown 0-0: Called Strike
0-1: Swinging Strike
0-2: Ball
1-2: Fly out, F8 (Flyball, 8LD)
Runner from 3rd tags up, SCORES, throw made
Batting: RHB Natsu Tamura 0-0: Called Strike
0-1: Ground out 4-3 (Groundball, 4)
Bottom of the 6th over - 1 run, 1 hit, 0 errors, 2 left on base; Myrtle Beach 2 - Kennesaw 3
TOP OF THE 7TH
Myrtle Beach Seahawks batting - Pitching for Kennesaw Jets : RHP Rikkarti Gudmundur
Batting: RHB Ruggiero Veneziano 0-0: Called Strike
0-1: Called Strike
0-2: Ball
1-2: SINGLE (Line Drive, 78M)
Batting: LHB Anastasio Flores 0-0: SINGLE (Line Drive, 6D)
Ruggiero Veneziano to second
Runner from 2nd tries for 3rd, OUT!
Batting: RHB Chris Walters 0-0: Called Strike
0-1: Ball
1-1: Foul Ball, location: 2F
1-2: Strikes out looking
Batting: LHB Shohei Otani 0-0: Ball
1-0: Ball
2-0: Swinging Strike
2-1: Ball
3-1: Called Strike
3-2: Base on Balls
Anastasio Flores to second
Batting: RHB Juan Mata 0-0: Ball
1-0: Ball
2-0: Foul Ball, location: 2F
2-1: Ball
3-1: SINGLE (Flyball, 8RS)
Anastasio Flores to third
Shohei Otani to second
Runner from 3rd tries for Home, SAFE, throw made home
Batting: SHB Dong-joo Yu 0-0: Ball
1-0: Called Strike
1-1: Fly out, F3 (Line Drive, 3)
Top of the 7th over - 1 run, 3 hits, 0 errors, 2 left on base; Myrtle Beach 3 - Kennesaw 3
BOTTOM OF THE 7TH
Kennesaw Jets batting - Pitching for Myrtle Beach Seahawks : LHP Garrett Schaper
Batting: RHB Andy Holder 0-0: Foul Ball, location: 2F
0-1: Ball
1-1: Fly out, F7 (Flyball, 78D)
Batting: LHB Sandor Addicks 0-0: Ground out 5-3 (Groundball, 2L)
Batting: LHB Thierry Honoré 0-0: Called Strike
0-1: Ball
1-1: Swinging Strike
1-2: Foul Ball, location: 2F
1-2: Ball
2-2: Strikes out swinging
Bottom of the 7th over - 0 runs, 0 hits, 0 errors, 0 left on base; Myrtle Beach 3 - Kennesaw 3
TOP OF THE 8TH
Myrtle Beach Seahawks batting - Pitching for Kennesaw Jets : RHP Rikkarti Gudmundur
Pinch Hitting: RHB Jon Moon 0-0: Ball
1-0: DOUBLE (Line Drive, 8LXD)
Batting: RHB Pedro Larate 0-0: Foul Ball, location: 2F
0-1: Ball
1-1: Called Strike
1-2: Ball
2-2: Ball
3-2: Strikes out looking
Batting: SHB Faradur Umrani 0-0: Ball
1-0: Ball
2-0: Ball
3-0: Called Strike
3-1: Ground out 4-3 (Groundball, 34)
Jon Moon to third
Pitching: RHP Hiroaki Nakagawa
Batting: RHB Ruggiero Veneziano 0-0: Ball
1-0: Ball
2-0: Ball
3-0: Foul Ball, location: 2F
3-1: Base on Balls
Batting: LHB Anastasio Flores 0-0: Swinging Strike
0-1: Ball
1-1: Foul Ball, location: 2F
1-2: Foul Ball, location: 2F
1-2: Foul Ball, location: 2F
1-2: Ball
2-2: Ball
3-2: Strikes out looking
Top of the 8th over - 0 runs, 1 hit, 0 errors, 2 left on base; Myrtle Beach 3 - Kennesaw 3
BOTTOM OF THE 8TH
Kennesaw Jets batting - Pitching for Myrtle Beach Seahawks : LHP Garrett Schaper
Now at 2B: Peter Ough
Batting: LHB Rob Rodríguez 0-0: Called Strike
0-1: Ball
1-1: Foul Ball, location: 2F
1-2: Foul Ball, location: 2F
1-2: Ball
2-2: Ball
3-2: Foul Ball, location: 2F
3-2: Fly out, F7 (Line Drive, 7D)
Batting: RHB John Shultz 0-0: Ball
1-0: Ball
2-0: Foul Ball, location: 2F
2-1: Ground out 6-3 (Groundball, 6)
Batting: RHB Miguel Angel Montańo 0-0: Swinging Strike
0-1: Ball
1-1: Ground out 6-3 (Groundball, 6M)
Bottom of the 8th over - 0 runs, 0 hits, 0 errors, 0 left on base; Myrtle Beach 3 - Kennesaw 3
TOP OF THE 9TH
Myrtle Beach Seahawks batting - Pitching for Kennesaw Jets : RHP Hiroaki Nakagawa
Pitching: LHP Jules Goux
Batting: RHB Chris Walters 0-0: Ball
1-0: Called Strike
1-1: Called Strike
1-2: Strikes out swinging
Pinch Hitting: RHB Qu-bing Thien 0-0: Foul Ball, location: 2F
0-1: Called Strike
0-2: Ball
1-2: Ball
2-2: Ball
3-2: Foul Ball, location: 2F
3-2: SINGLE (Line Drive, 78S)
Pinch Runner at 1st Chuk-yan Yang:
Batting: RHB Juan Mata 0-0: Ball
1-0: Called Strike
Chuk-yan Yang steals 2nd base
1-1: Intentional Walk
Pinch Hitting: RHB Aquiles Morda 0-0: Grounds into double play, 6-4-3 (Groundball, 6)
Top of the 9th over - 0 runs, 1 hit, 0 errors, 1 left on base; Myrtle Beach 3 - Kennesaw 3
BOTTOM OF THE 9TH
Kennesaw Jets batting - Pitching for Myrtle Beach Seahawks : LHP Garrett Schaper
Now at 1B: Chuk-yan Yang
Now at 3B: Jordan Lander
Batting: SHB Alfred Owen 0-0: Called Strike
0-1: Ground out 2-3 (Groundball, 2L)
Batting: RHB Jason Hopdown 0-0: Ball
1-0: Ball
2-0: Ball
3-0: Called Strike
3-1: Called Strike
3-2: Foul Ball, location: 2F
3-2: SINGLE (Flyball, 7LS)
Batting: RHB Natsu Tamura 0-0: Ball
1-0: Reached on error, E1 (Groundball, P)
Jason Hopdown to second
Batting: RHB Andy Holder 0-0: Ball
1-0: SINGLE (Line Drive, 4MD)
Jason Hopdown to third
Natsu Tamura to second
Runner from 3rd tries for Home, SAFE, no throw
Sunday, March 18th, 2018 - OOTP Baseball 18.8 Build 76